 Dungeon Crawl Stone Soup version bcrawl-1.41.1 (webtiles) character file.

Game seed: 8161020049426187695

251265 Yshiel the Chiller (level 8, -6/57 HPs)
             Began as a Gnoll Ice Elementalist on Apr 23, 2024.
             Was an Initiate of Okawaru.
             Mangled by a wyvern skeleton (8 damage)
             ... on level 5 of the Dungeon.
             The game lasted 00:31:07 (3744 turns).

Yshiel the Chiller (Gnoll Ice Elementalist)         Turns: 3744, Time: 00:31:07

Health: -6/57      AC:  4    Str: 11    XL:     8   Next: 5%
Magic:  24/25      EV: 16    Int: 17    God:    Okawaru [......]
Gold:   204        SH:  0    Dex: 18    Spells: 17/18 levels left

rFire    . . .     GDR:     31% A - +2 dagger (venom)
rCold    . . .     SeeInvis .   (no shield)
rNeg     . . .     Gourm    .   a - +0 robe
rPois    .         Faith    .   t - +0 helmet
rElec    .         Spirit   .   (no cloak)
rCorr    .         Reflect  .   d - +0 pair of gloves
MR       .....                  (no boots)
Stlth    +++.......             (no amulet)
HPRegen  0.19/turn              b - ring of magical power
MPRegen  0.19/turn              (no ring)

@: no status effects
A: distributed training, fangs 1, strong nose
a: Renounce Religion


You were on level 5 of the Dungeon.
You worshipped Okawaru.
Okawaru was noncommittal.
You were not hungry.

You visited 2 branches of the dungeon, and saw 6 of its levels.

You collected 204 gold pieces.

Inventory:

Hand Weapons
 f - a +0 hand axe
 h - a +0 dagger
 k - a +2 scythe of freezing
 o - a +0 short sword
 A - a +2 dagger of venom (weapon)
Missiles
 g - 417 arrows
 p - 379 stones
 s - 133 poisoned tomahawks (quivered)
 u - 372 sling bullets
 x - 90 poisoned needles
Armour
 a - a +0 robe (worn)
 d - a +0 pair of gloves (worn)
 t - a +0 helmet (worn)
Jewellery
 b - a ring of magical power (left hand)
 q - the ring of Itwelal {Fire +Fly MR- MP+9}
   (You found it on level 3 of the Dungeon)

   [ring of fire]

   It enhances your fire magic.
   It protects you from fire.
   It makes you vulnerable to cold.
   It affects your resistance to hostile enchantments.
   It affects your magic capacity (+9).
   It lets you fly.
 y - an uncursed ring of teleportation
Wands
 c - a wand of iceblast (1)
 i - a wand of flame (21)
Scrolls
 l - a scroll of fear {unknown}
 m - a scroll of revelation {unknown}
 r - a scroll of teleportation {unknown}
 v - a scroll of fog
Potions
 j - a potion of flight
 n - a potion of agility
 w - 2 potions of curing
Comestibles
 e - 3 rations {!d}
 z - 2 chunks of flesh


   Skills:
 + Level 2.8 Fighting
 + Level 2.8 Short Blades
 + Level 2.8 Long Blades
 + Level 2.8 Axes
 + Level 2.8 Maces & Flails
 + Level 2.8 Polearms
 + Level 2.8 Staves
 + Level 2.8 Slings
 + Level 2.8 Bows
 + Level 2.8 Crossbows
 + Level 2.8 Throwing
 + Level 2.8 Armour
 + Level 5.4 Dodging
 + Level 5.4 Stealth
 + Level 2.8 Shields
 + Level 2.8 Unarmed Combat
 + Level 5.8 Spellcasting
 + Level 3.2 Conjurations
 + Level 2.3 Hexes
 + Level 2.3 Charms
 + Level 2.3 Summonings
 + Level 2.3 Necromancy
 + Level 2.3 Translocations
 + Level 2.3 Transmutations
 + Level 2.3 Fire Magic
 + Level 6.0 Ice Magic
 + Level 2.3 Air Magic
 + Level 2.3 Earth Magic
 + Level 2.3 Poison Magic
 + Level 3.1 Invocations
 + Level 2.8 Evocations


You had 17 spell levels left.
You knew the following spells:

 Your Spells              Type           Power        Failure   Level  Hunger
a - Freeze                Ice            ####..       1%          1    None

Your spell library contained the following spells:

 Spells                   Type           Power        Failure   Level  Hunger
 Throw Frost              Conj/Ice       ###...       1%          2    None
 Ozocubu's Armour         Chrm/Ice       ###.....     7%          3    ##.....
 Throw Icicle             Conj/Ice       ###.....     21%         4    ####...
 Ice Form                 Ice/Tmut       ###.....     24%         4    ####...
 Summon Ice Beast         Ice/Summ       ###.....     24%         4    ####...


Dungeon Overview and Level Annotations

Branches:
Dungeon (5/12)             Temple (1/1) D:4

Altars:
Cheibriados
Dithmenos
Gozag
Makhleb
Okawaru
Qazlal
Ru
Sif Muna
Trog
Vehumet
Yredelemnul
Zin

Shops:
D:4 *(:


Innate Abilities, Weirdness & Mutations

Your experience applies equally to all skills.
You have very sharp teeth.
Your uncanny sense of smell can sniff out nearby items.


Message History

The wyvern skeleton is lightly damaged.
The wyvern skeleton bites you!
* * * LOW HITPOINT WARNING * * *
You hit the wyvern skeleton.
The wyvern skeleton is lightly damaged.
The wyvern skeleton barely misses you.
Casting: Freeze (safe; 1% risk of failure)
Confirm with . or Enter, or press ? or * to list all spells.
Aiming: Freeze (safe; 1% risk of failure)
Press: ? - help, Shift-Dir - straight line, f - wyvern skeleton
Aim: a wyvern skeleton (lightly damaged)
The wyvern skeleton completely resists.
You freeze the wyvern skeleton but do no damage.
The wyvern skeleton bites you but does no damage.
The wyvern skeleton bites you!
* * * LOW HITPOINT WARNING * * *
You hit the wyvern skeleton.
The wyvern skeleton is moderately damaged.
The wyvern skeleton bites you!
You die...

######..# ##............#
.....##.###.............# ..
.........................
#.........................# .
............#............# ..
.........##............#
#..##...........#..[.......#
......##.####...#..........#
∆#.......Z@....###......#
...##...##.......###.......#
............[...............#
..........<.#####.............
............# #...#....5..##
............## #o..........#
.###..##.##..###........ #.#
##.##..#......... ... #
##.#...w.....


You could see a wyvern skeleton.

Vanquished Creatures
  Sigmund (D:3)
  A sky beast (D:3)
  A phantom (D:4)
  An ogre (D:4)
  A howler monkey (D:5)
  3 crimson imps
  4 worker ants
  8 adders
  3 gnolls (D:3)
  2 shadow imps
  3 oozes
  4 worms
  A dart slug (D:4)
  3 leopard geckos
  16 orcs
  2 ball pythons
  2 bats (D:2)
  4 giant cockroaches
  5 goblins
  6 hobgoblins
  8 jackals
  2 quokkas (D:2)
  A frilled lizard (D:1)
  A jackal skeleton (D:3)
  6 kobolds
  6 rats
95 creatures vanquished.

Notes
Turn   | Place    | Note
-------+----------+-------------------------------------------
     0 | D:1      | Yshiel the Gnoll Ice Elementalist began the quest for the
                  | Orb.
     0 | D:1      | Reached XP level 1. HP: 13/13 MP: 6/6
    69 | D:1      | Reached XP level 2. HP: 19/19 MP: 5/7
   357 | D:1      | Reached XP level 3. HP: 25/25 MP: 9/9
   389 | D:2      | Reached skill level 5 in Spellcasting
   441 | D:2      | Reached skill level 1 in Invocations
   736 | D:2      | Reached skill level 1 in Fighting
   736 | D:2      | Reached skill level 1 in Short Blades
   736 | D:2      | Reached skill level 1 in Long Blades
   736 | D:2      | Reached skill level 1 in Axes
   736 | D:2      | Reached skill level 1 in Maces & Flails
   736 | D:2      | Reached skill level 1 in Polearms
   736 | D:2      | Reached skill level 1 in Staves
   736 | D:2      | Reached skill level 1 in Slings
   736 | D:2      | Reached skill level 1 in Bows
   736 | D:2      | Reached skill level 1 in Crossbows
   736 | D:2      | Reached skill level 1 in Throwing
   736 | D:2      | Reached skill level 1 in Armour
   736 | D:2      | Reached skill level 1 in Shields
   736 | D:2      | Reached skill level 1 in Unarmed Combat
   736 | D:2      | Reached skill level 1 in Evocations
   801 | D:2      | Reached XP level 4. HP: 32/32 MP: 11/11
  1235 | D:3      | Reached skill level 1 in Hexes
  1235 | D:3      | Reached skill level 1 in Charms
  1235 | D:3      | Reached skill level 1 in Summonings
  1235 | D:3      | Reached skill level 1 in Necromancy
  1235 | D:3      | Reached skill level 1 in Translocations
  1235 | D:3      | Reached skill level 1 in Transmutations
  1235 | D:3      | Reached skill level 1 in Fire Magic
  1235 | D:3      | Reached skill level 1 in Air Magic
  1235 | D:3      | Reached skill level 1 in Earth Magic
  1235 | D:3      | Reached skill level 1 in Poison Magic
  1283 | D:3      | Noticed a sky beast
  1292 | D:3      | Killed a sky beast
  1293 | D:3      | Reached XP level 5. HP: 18/37 MP: 12/12
  1557 | D:3      | Reached XP level 6. HP: 44/44 MP: 13/13
  1610 | D:3      | Noticed Sigmund
  1619 | D:3      | Killed Sigmund
  1619 | D:3      | HP: 2/44 [worker ant (5)]
  1620 | D:3      | Reached skill level 5 in Dodging
  1620 | D:3      | Reached skill level 5 in Stealth
  1624 | D:3      | HP: 1/44 [worker ant (2)]
  1629 | D:3      | HP: 1/44 [worker ant (1)]
  1885 | D:3      | Reached XP level 7. HP: 47/50 MP: 15/15
  1907 | D:3      | Got a glittering marble ring
  1908 | D:3      | Identified the ring of Itwelal {Fire +Fly MR- MP+9} (You
                  | found it on level 3 of the Dungeon)
  2145 | D:4      | Found a snail-covered altar of Cheibriados.
  2155 | D:4      | Found Hepnir's Assorted Antiques.
  2209 | D:4      | Found Jodoh's Antique Weapon Shoppe.
  2238 | D:4      | Found a shimmering blue altar of Sif Muna.
  2502 | D:4      | Found Gil Xuesh's Book Shop.
  2750 | D:4      | Found a staircase to the Ecumenical Temple.
  2762 | Temple   | Entered the Ecumenical Temple
  2882 | Temple   | Became a worshipper of Warmaster Okawaru
  3497 | D:5      | Entered Level 5 of the Dungeon
  3549 | D:5      | Reached XP level 8. HP: 48/57 MP: 16/16
  3585 | D:4      | Reached skill level 6 in Ice Magic
  3715 | D:5      | Found an opulent altar of Gozag.
  3743 | D:5      | HP: 2/57 [wyvern skeleton (14)]
  3744 | D:5      | Mangled by a wyvern skeleton

Skill      XL: |  1  2  3  4  5  6  7  8 |
---------------+-------------------------+-----
Conjurations   | 2 3 |  3.2
Spellcasting   | 5 |  5.8
Invocations    | 1 2 3 |  3.1
Fighting       | 1 2 |  2.8
Short Blades   | 1 2 |  2.8
Long Blades    | 1 2 |  2.8
Axes           | 1 2 |  2.8
Maces & Flails | 1 2 |  2.8
Polearms       | 1 2 |  2.8
Staves         | 1 2 |  2.8
Slings         | 1 2 |  2.8
Bows           | 1 2 |  2.8
Crossbows      | 1 2 |  2.8
Throwing       | 1 2 |  2.8
Armour         | 1 2 |  2.8
Shields        | 1 2 |  2.8
Unarmed Combat | 1 2 |  2.8
Evocations     | 1 2 |  2.8
Hexes          | 1 2 |  2.3
Charms         | 1 2 |  2.3
Summonings     | 1 2 |  2.3
Necromancy     | 1 2 |  2.3
Translocations | 1 2 |  2.3
Transmutations | 1 2 |  2.3
Fire Magic     | 1 2 |  2.3
Air Magic      | 1 2 |  2.3
Earth Magic    | 1 2 |  2.3
Poison Magic   | 1 2 |  2.3
Dodging        | 5 |  5.4
Stealth        | 5 |  5.4
Ice Magic      | 6 |  6.0

Action                   |  1- 3 |  4- 6 |  7- 9 || total
-------------------------+-------+-------+-------++-------
Melee: Unarmed           |    16 |       |       ||    16
       Bite              |     3 |     3 |    15 ||    21
       Dagger            |    18 |    11 |    87 ||   116
       Hand axe          |     2 |       |       ||     2
       Punch             |       |       |     1 ||     1
 Cast: Freeze            |    31 |    78 |    45 ||   154
  Use: Potion            |       |     5 |       ||     5
       Scroll            |       |       |     4 ||     4
 Stab: Sleeping          |     9 |     2 |     4 ||    15
       Distracted        |       |       |     1 ||     1
  Eat: Chunk             |     1 |     3 |     3 ||     7
       Ration            |       |     1 |     1 ||     2
Armor: Robe              |     5 |    12 |    21 ||    38
       Skin              |       |    32 |       ||    32
Dodge: Dodged            |    43 |    38 |    71 ||   152
